 Dungeon Crawl Stone Soup version 0.27-a0-320-g81d27af2d4 (webtiles) character file.

Game seed: 1363942602023362265

46 Lanoc the Skirmisher (level 3, -2/40 HPs)
             Began as an Ogre Monk on Feb 10, 2021.
             Slain by an adder (5 damage)
             ... on level 3 of the Dungeon.
             The game lasted 00:01:28 (1356 turns).

Lanoc the Skirmisher (Ogre Monk)                    Turns: 1356, Time: 00:01:28

Health: -2/40      AC:  3    Str: 15    XL:     3   Next: 68%
Magic:  3/3        EV: 10    Int: 11    God:
Gold:   31         SH:  0    Dex: 12    Spells: 2/2 levels left

rFire    . . .     SeeInvis .   a - +0 spear
rCold    . . .     Faith    .   (no shield)
rNeg     . . .     Spirit   .   b - +0 robe
rPois    .         Reflect  .   (helmet restricted)
rElec    .         Harm     .   (no cloak)
rCorr    .         Rampage  .   (gloves unavailable)
Will     .....                  (boots unavailable)
Stlth    ++........             (no amulet)
HPRegen  0.13/turn              (no ring)
MPRegen  0.08/turn              (no ring)

@: lethally poisoned (-2 -> -5), hasted, very quick
A: large, unfitting armour, tough skin 1
a: no special abilities


You were on level 3 of the Dungeon.
You visited 1 branch of the dungeon, and saw 3 of its levels.

You collected 31 gold pieces.

Inventory:

Hand Weapons
 a - a +0 spear (weapon)
Armour
 b - a +0 robe (worn)
Scrolls
 c - a scroll of identify {unknown}
 f - a scroll of fear {unknown}
 g - a scroll of enchant weapon {unknown}


   Skills:
 + Level 4.6 Fighting
 * Level 3.8 Polearms
 + Level 3.1 Dodging
 - Level 1.4 Stealth


You had 2 spell levels left.
You didn't know any spells.
Your spell library was empty.

Dungeon Overview and Level Annotations

Branches:
Dungeon (3/15)

Altars:
Xom


Innate Abilities, Weirdness & Mutations

You are too large for most types of armour.
You have tough skin. (AC +1)


Message History

You are too injured to fight recklessly!
You are too injured to fight recklessly!
You are too injured to fight recklessly!
You are too injured to fight recklessly!
You are too injured to fight recklessly!
You are too injured to fight recklessly!
You are too injured to fight recklessly!
You are too injured to fight recklessly!
You are too injured to fight recklessly!
You closely miss the adder.
The adder is heavily wounded.
You feel sick. The adder barely misses you. The goblin closely misses you.
You hit the adder.
The adder is severely wounded.
You feel sick. The adder bites you but does no damage.
You hit the adder but do no damage.
The adder is severely wounded.
The adder bites you. The goblin hits you.
* * * LOW HITPOINT WARNING * * *
You barely miss the adder.
The adder is severely wounded.
You feel sick. The adder bites you but does no damage. The goblin hits you.
* * * LOW HITPOINT WARNING * * *
The adder closely misses you.
You closely miss the adder.
The adder is severely wounded.
The goblin barely misses you. The adder barely misses you.
It was a potion of cancellation.
You feel magically purged.
You feel sick. The goblin hits you but does no damage. The adder bites you.
* * * LOW HITPOINT WARNING * * *
It was a potion of haste.
You feel yourself speed up. The adder bites you but does no damage.
The goblin closely misses you. The goblin hits you.
* * * LOW HITPOINT WARNING * * *
* * * LOW HITPOINT WARNING * * *
You feel sick.
You closely miss the adder.
The adder is heavily wounded.
The adder bites you.
You die...

#...............#
#...........#####..
#..................
#..........>#######
#..########.# ##.#
#.# #.###### #.#
#......# #.#
####@.....# #.#
#...S###..# #.#
#..g...# .#
#......# #
#......_......#
....#......##..
##..#......# ...
###....# ## ..####


You could see an adder and a goblin.

Vanquished Creatures
  An adder (D:2)
  An ooze (D:3)
  2 worms (D:2)
  A leopard gecko (D:2)
  An orc (D:3)
  2 bats
  2 giant cockroaches (D:2)
  2 goblins
  4 hobgoblins
  4 jackals (D:2)
  2 kobolds
22 creatures vanquished.

Notes
Turn   | Place    | Note
-------+----------+-------------------------------------------
     0 | D:1      | Lanoc the Ogre Monk began the quest for the Orb.
     0 | D:1      | Reached XP level 1. HP: 24/24 MP: 1/1
   110 | D:2      | Reached XP level 2. HP: 32/32 MP: 2/2
   532 | D:2      | Reached XP level 3. HP: 9/40 MP: 3/3
  1327 | D:3      | Found a shimmering altar of Xom.
  1354 | D:3      | HP: 2/40 [poisoned by an adder]
  1356 | D:3      | Slain by an adder

Illustrated notes

Levels and vault maps discovered:
D:1:      shiori_angband_town, layout_loops_ring, minmay_surrounded
D:2:      layout_basic, nicolae_qazlal_eye_of_the_storm, minmay_tromino_i2,
          uniq_natasha
D:3:      layout_basic, yredelemnul_forgotten_temple_becter,
          nicolae_overflow_crystal_walls

Skill      XL: |  1  2 |
---------------+-------+-----
Dodging        | 3 |  3.1
Fighting       | |  4.6
Polearms       | |  3.8
Stealth        | |  1.4

Action                   || total
-------------------------++-------
Melee: Spear             ||   140
  Use: Potion            ||     2
 Stab: Sleeping          ||     1
Armor: Robe              ||    47
Dodge: Dodged            ||   108

Table legend: (Time is in decaauts)
 A = Elapsed time spent in this place.
 B = Non-inter-level travel time spent in this place.
 C = Inter-level travel time spent in this place.
 D = Time resting spent in this place.
 E = Time spent auto-exploring this place.
 F = Levels seen in this place.
 G = Mean time per level.
                   A        B        C        D        E       F      G
               +--------+--------+--------+--------+--------+-----+--------+
         Total |   1344 |   1314 |     30 |    512 |    607 |   3 |  448.0 |
       Dungeon |   1344 |   1314 |     30 |    512 |    607 |   3 |  448.0 |
               +--------+--------+--------+--------+--------+-----+--------+

Top non-repeatable levels by time:
     D:2: 979 daAuts
     D:3: 264 daAuts
     D:1: 100 daAuts
